Map: Terrasses de Prion

Players

lesliefist

  • Race: Zerg Zerg
  • League: Gold
  • Spawn Location: 5:00

zidar - Winner!

  • Race: Zerg Zerg
  • League: Silver
  • Spawn Location: 11:00

VOD

Have the link to the VOD?

Description

Time

  • Played on: Jan. 3, 2016, 10:26 a.m.
  • Length: 3:41
Show
View Real Time Build Order
Export as new Build Order

lesliefist Zerg 

Build Orders: 1 Base Baneling Bust, Pool Only 

Get SALT Encoding   

  12  0:02  Drone  
  13  0:16  Extractor  
  13  0:17  Drone  
  13  0:28  Spawning Pool  
  12  0:33  Drone  
  13  0:37  Drone  
  14  1:01  Overlord  
  14  1:19  Zergling x6  
  17  1:30  Drone  
  18  1:37  Metabolic Boost  
  18  1:46  Zergling x2  
  18  1:47  Baneling Nest  
  18  1:52  Zergling x2  
  19  1:59  Queen  
  21  2:03  Zergling x2  
  22  2:13  Overlord  
  22  2:35  Baneling x4  
  22  2:36  Baneling  
  22  2:40  Baneling  
  22  2:42  Zergling x4  
  24  2:52  Zergling x2  
  25  2:59  Zergling x2  
  22  3:13  Zergling x2  
  22  3:20  Zergling x6  
Show
View Real Time Build Order
Export as new Build Order

zidar Zerg - Winner!

Build Orders: Pool First 

Get SALT Encoding   

  12  0:02  Drone  
  13  0:14  Overlord  
  13  0:17  Drone  
  14  0:33  Drone x2  
  16  0:41  Spawning Pool  
  15  0:45  Drone  
  16  0:56  Drone  
  17  1:13  Hatchery  
  17  1:14  Drone  
  17  1:19  Extractor  
  17  1:20  Drone  
  17  1:27  Drone  
  18  1:36  Queen  
  20  1:44  Overlord  
  20  1:48  Drone  
  20  1:52  Drone  
  22  2:02  Drone  
  23  2:22  Zergling x2  
  24  2:24  Queen  
  26  2:38  Spine Crawler  
  26  2:42  Zergling x2  
  26  2:43  Zergling x6  
  29  2:56  Zergling x8  
  29  2:57  Zergling x2  
  28  3:13  Zergling x6  
Tags
 
Add a new tag
Caveats
  • Supply blocks, unpowered buildings, or Contaminate may cause inaccurate times.
  • Supply counts are checked every 10 seconds.